 Dungeon Crawl Stone Soup version 0.23.2-1-ga50397a (webtiles) character file.

Game seed: 17750651544474962754

796741 Furikabute the Conqueror (level 27, -13/218 HPs)
             Began as a Hill Orc Fighter on Apr 20, 2019.
             Was a High Priest of Okawaru.
             Killed from afar by an orb of fire (16 damage)
             ... with a bolt of fire
             ... on level 5 of the Realm of Zot on Apr 29, 2019.
             The game lasted 12:44:57 (100564 turns).

Furikabute the Conqueror (Hill Orc Fighter)       Turns: 100564, Time: 12:44:58

Health: -13/218    AC: 43    Str: 40    XL:     27
Magic:  0/44       EV: 21    Int: 29    God:    Okawaru [*****.]
Gold:   5851       SH: 38    Dex: 16    Spells: 17/58 levels left

rFire    + . .     SeeInvis .   x - +11 war axe of the Hawk {flame, rElec rN+ Int+3 Stlth+}
rCold    x . .     Gourm    .   N - +4 large shield {rF+}
rNeg     + + .     Faith    .   k - +11 plate armour "Lecinet" {*Drain rElec MR- rCorr Str+6}
rPois    .         Spirit   +   W - +3 hat of Pondering {ponderous, MR+ MP+10 Int+5}
rElec    +         Reflect  +   E - scarf {Spirit}
rCorr    +         Harm     .   j - +1 pair of gloves of Responsibility {rC- rCorr Int+5}
MR       ++++.                  D - +2 pair of boots of the Assassin {Detection Stab+ Stlth++}
Stlth    ++........             e - +5 amulet of reflection
HPRegen  0.46/turn              M - ring "Xeph" {rN+ MR+ Int+6 Dex+7}
MPRegen  0.29/turn              r - ring of Vaesax {*Drain rElec MR+ Str+4 Dex+3}

@: about to teleport, heroism, very slightly contaminated, studying Necromancy,
lightly drained, slow
A: horns 1, blurry vision 2, clumsy 2, deterioration 2, frail 2, low mp 2, no
potion heal 1
}: 4/15 runes: serpentine, barnacled, silver, abyssal
a: Heroism, Finesse, Renounce Religion


You were on level 5 of the Realm of Zot.
You worshipped Okawaru.
Okawaru was extremely pleased with you.
You were not hungry.

You visited 13 branches of the dungeon, and saw 56 of its levels.
You visited the Abyss 1 time.
You also visited: Trove and Ice Cave.

You collected 9068 gold pieces.
You spent 3217 gold pieces at shops.

Inventory:

Hand Weapons
 b - a +3 double sword of electrocution
 d - a +3 eudemon blade of holy wrath
 x - the +11 war axe of the Hawk (weapon) {flame, rElec rN+ Int+3 Stlth+}
   (Okawaru gifted it to you on level 1 of the Elven Halls)

   It has been specially enchanted to burn those struck by it, causing extra
   injury to most foes and up to half again as much damage against particularly
   susceptible opponents.
   Big, fiery blades are also staple armaments of hydra-hunters.
   It affects your intelligence (+3).
   It insulates you from electricity.
   It protects you from negative energy.
   It makes you more stealthy.
Armour
 j - the +1 pair of gloves of Responsibility (worn) {rC- rCorr Int+5}
   (You acquired it on level 4 of the Vaults)

   It affects your intelligence (+5).
   It makes you vulnerable to cold.
   It provides partial protection from all sources of acid and corrosion.
 k - the +11 plate armour "Lecinet" (worn) {*Drain rElec MR- rCorr Str+6}
   (You found it on level 4 of the Depths)

   It affects your strength (+6).
   It insulates you from electricity.
   It affects your resistance to hostile enchantments.
   It provides partial protection from all sources of acid and corrosion.
   It causes draining when unequipped.
 t - the +1 shield "Jusurghuo" {+Blink}
   (Okawaru gifted it to you on level 2 of the Orcish Mines)

   It lets you blink.
 D - the +2 pair of boots of the Assassin (worn) {Detection Stab+ Stlth++}
   (You bought it in a shop on level 1 of the Vaults)

   It makes you much more stealthy.
 E - a scarf of spirit shield (worn)
 N - a +4 large shield of fire resistance (worn)
 W - the +3 hat of Pondering (worn) {ponderous, MR+ MP+10 Int+5}
   (Okawaru gifted it to you on level 4 of the Snake Pit)

   It affects your intelligence (+5).
   It affects your resistance to hostile enchantments.
   It affects your magic capacity (+10).
Jewellery
 e - a +5 amulet of reflection (around neck)
 r - the ring of Vaesax (right hand) {*Drain rElec MR+ Str+4 Dex+3}
   (You bought it in a shop on level 3 of the Shoals)

   [ring of strength]

   It affects your strength (+4).
   It affects your dexterity (+3).
   It insulates you from electricity.
   It affects your resistance to hostile enchantments.
   It causes draining when unequipped.
 J - the ring "Vyvy" {rPois rC- MR+++ Int+8 Stlth+}
   (You found it on level 4 of the Depths)

   [ring of stealth]

   It affects your intelligence (+8).
   It makes you vulnerable to cold.
   It protects you from poison.
   It affects your resistance to hostile enchantments.
   It makes you more stealthy.
 M - the ring "Xeph" (left hand) {rN+ MR+ Int+6 Dex+7}
   (You found it on level 3 of the Crypt)

   [ring of positive energy]

   It affects your intelligence (+6).
   It affects your dexterity (+7).
   It protects you from negative energy.
   It affects your resistance to hostile enchantments.
 Z - the ring of Sin {rCorr rF- rC+ SInv}
   (You found it on level 15 of the Dungeon)

   [ring of resist corrosion]

   It makes you vulnerable to fire.
   It protects you from cold.
   It lets you see invisible.
Wands
 m - a wand of clouds (2)
 u - a wand of enslavement (10)
 w - a wand of paralysis (59)
 A - a wand of digging (14)
 X - a wand of scattershot (16)
Scrolls
 a - a scroll of holy word
 g - a scroll of fog
 i - 9 scrolls of blinking
 l - 12 scrolls of amnesia
 o - 2 scrolls of identify
 v - 25 scrolls of teleportation
 B - a scroll of fear
 H - 7 scrolls of immolation
 K - 2 scrolls of summoning
 L - 18 scrolls of remove curse
 O - 3 scrolls of brand weapon
 P - 5 scrolls of enchant weapon
Potions
 s - 5 potions of magic
 z - 4 potions of agility
 I - 3 potions of cancellation
 T - a potion of invisibility
Books
 C - a manual of Necromancy
Miscellaneous
 h - 2 boxes of beasts
 p - 2 sacks of spiders
 q - a lamp of fire
 y - a phial of floods (inert)
 R - a lightning rod (4/4)
 Y - a phantom mirror
Comestibles
 f - 48 rations


   Skills:
 O Level 27(26.6) Fighting
 + Level 15.1(19.8) Long Blades
 - Level 19.2(23.9) Axes
   Level 4.1(8.9) Bows
 O Level 27(26.6) Armour
 + Level 12.3(17.1) Dodging
 * Level 20.7(25.3) Shields
 - Level 16.3(16.0) Spellcasting
 - Level 10.4(10.1) Charms
 - Level 11.5(11.3) Summonings
 - Level 15.3(15.1) Necromancy
 - Level 13.3(13.1) Invocations
 - Level 12.9(12.6) Evocations


You had 17 spell levels left.
You knew the following spells:

 Your Spells              Type           Power        Failure   Level  Hunger
a - Apportation           Tloc           ###...       4%          1    None
b - Controlled Blink      Tloc           N/A          100%        8    ######.
c - Infusion              Chrm           ####         1%          1    None
d - Swiftness             Chrm/Air       ######..     1%          2    None
e - Regeneration          Chrm/Necr      #######...   1%          3    None
f - Animate Dead          Necr           N/A          1%          4    None
g - Death Channel         Necr           #######...   1%          6    ###....
h - Summon Ice Beast      Ice/Summ       ######..     4%          4    None
i - Spectral Weapon       Hex/Chrm       ######..     1%          3    None
j - Borgnjor's Vile Clut  Necr/Erth      ######....   5%          5    None
k - Summon Lightning Spi  Summ/Air       ######..     4%          4    None

Your spell library contained the following spells:

 Spells                   Type           Power        Failure   Level  Hunger
 Animate Skeleton         Necr           N/A          0%          1    None
 Summon Butterflies       Summ           ######..     1%          1    None
 Summon Small Mammal      Summ           ####         1%          1    None
 Call Imp                 Summ           ######..     1%          2    None
 Shroud of Golubria       Chrm/Tloc      ######....   1%          2    None
 Song of Slaying          Chrm           ######..     1%          2    None
 Call Canine Familiar     Summ           ######..     1%          3    None
 Ozocubu's Armour         Chrm/Ice       ######..     1%          3    None
 Recall                   Summ/Tloc      N/A          1%          3    None
 Summon Guardian Golem    Hex/Summ       ######..     1%          3    None
 Confusing Touch          Hex            ###...       4%          1    None
 Corona                   Hex            ###....      4%          1    None
 Flame Tongue             Conj/Fire      ###..        4%          1    None
 Freeze                   Ice            ###.         4%          1    None
 Magic Dart               Conj           ###.         4%          1    None
 Sandblast                Erth           ###...       4%          1    None
 Shock                    Conj/Air       ###.         4%          1    None
 Blink                    Tloc           N/A          7%          2    None
 Passwall                 Tmut/Erth      ###.....     7%          2    None
 Slow                     Hex            ###.....     7%          2    None
 Throw Flame              Conj/Fire      ###...       7%          2    None
 Throw Frost              Conj/Ice       ###...       7%          2    None
 Summon Forest            Summ/Tloc      ######....   12%         5    None
 Conjure Flame            Conj/Fire      ###.....     13%         3    None
 Gell's Gravitas          Tloc           ###.......   13%         3    None
 Inner Flame              Hex/Fire       ###.....     13%         3    None
 Lesser Beckoning         Tloc           ###.......   13%         3    None
 Mephitic Cloud           Conj/Pois/Air  ###.....     13%         3    None
 Portal Projectile        Hex/Tloc       ###...       13%         3    None
 Static Discharge         Conj/Air       ###.....     13%         3    None
 Stone Arrow              Conj/Erth      ###...       13%         3    None
 Teleport Other           Tloc           ###.....     13%         3    None
 Tukima's Dance           Hex            ###.....     13%         3    None
 Iskenderun's Battlesphe  Conj/Chrm      ######..     16%         5    None
 Simulacrum               Ice/Necr       ######....   30%         6    ###....
 Airstrike                Air            ###.......   41%         4    None
 Cause Fear               Hex            ###.......   41%         4    None
 Force Lance              Conj/Tloc      ###.....     41%         4    None
 Fulminant Prism          Conj/Hex       ###.......   41%         4    None
 Ice Form                 Ice/Tmut       ###.....     41%         4    None
 Leda's Liquefaction      Hex/Erth       ###.......   41%         4    None
 Passage of Golubria      Tloc           N/A          41%         4    None
 Petrify                  Tmut/Erth      ###.....     41%         4    None
 Sticky Flame             Conj/Fire      ###.....     41%         4    None
 Throw Icicle             Conj/Ice       ###.....     41%         4    None
 Deflect Missiles         Chrm/Air       ######....   65%         6    ###....
 Alistair's Intoxication  Tmut/Pois      ###.....     77%         5    None
 Bolt of Magma            Conj/Fire/Erth ###.......   77%         5    None
 Fireball                 Conj/Fire      ###.......   77%         5    None
 Irradiate                Conj/Tmut      ###.......   77%         5    None
 Lee's Rapid Deconstruct  Erth           ###.......   77%         5    None
 Lightning Bolt           Conj/Air       ###.......   77%         5    None
 Metabolic Englaciation   Hex/Ice        ###.......   77%         5    None
 Silence                  Hex/Air        ###.......   77%         5    None
 Venom Bolt               Conj/Pois      ###.......   77%         5    None
 Yara's Violent Unravell  Hex/Tmut       ###.......   77%         5    None
 Malign Gateway           Summ/Tloc      ######....   98%         7    #####..
 Spellforged Servitor     Conj/Summ      ######....   98%         7    #####..
 Bolt of Cold             Conj/Ice       ###.......   100%        6    ###....
 Bolt of Fire             Conj/Fire      ###.......   100%        6    ###....
 Conjure Ball Lightning   Conj/Air       ###.......   100%        6    ###....
 Darkness                 Hex            ###.......   100%        6    ###....
 Dispersal                Tloc           ###.......   100%        6    ###....
 Freezing Cloud           Conj/Ice/Air   ###.......   100%        6    ###....
 Hydra Form               Tmut           ###.......   100%        6    ###....
 Invisibility             Hex            ###.....     100%        6    ###....
 Iron Shot                Conj/Erth      ###.......   100%        6    ###....
 Ozocubu's Refrigeration  Ice            ###.......   100%        6    ###....
 Poison Arrow             Conj/Pois      ###.......   100%        6    ###....
 Statue Form              Tmut/Erth      ###......    100%        6    ###....
 Dragon Form              Tmut           ###.......   100%        7    #####..
 Orb of Destruction       Conj           ###.......   100%        7    #####..
 Chain Lightning          Conj/Air       ###.......   100%        8    ######.
 Discord                  Hex            ###.......   100%        8    ######.
 Disjunction              Tloc           ###.......   100%        8    ######.
 Lehudib's Crystal Spear  Conj/Erth      ###.......   100%        8    ######.
 Dragon's Call            Summ           ######....   100%        9    #######
 Fire Storm               Conj/Fire      ###.......   100%        9    #######
 Glaciate                 Conj/Ice       ###.......   100%        9    #######
 Shatter                  Erth           ###.......   100%        9    #######
 Tornado                  Air            ###.......   100%        9    #######


Dungeon Overview and Level Annotations

Branches:
Dungeon (15/15)            Temple (1/1) D:5            Lair (6/6) D:9
 Shoals (4/4) Lair:3        Snake (4/4) Lair:2        Slime (0/5) Lair:5
    Orc (2/2) D:11            Elf (3/3) Orc:2        Vaults (5/5) D:14
  Crypt (3/3) Vaults:3       Tomb (2/3) Crypt:3      Depths (5/5) D:15
   Hell (1/1)                 Dis (0/7) Hell            Geh (0/7) Hell
    Coc (0/7) Hell            Tar (0/7) Hell            Zot (5/5) Depths:5

Altars:
Ashenzari
Cheibriados
Dithmenos
Elyvilon
Fedhas
Gozag
Hepliaklqana
Kikubaaqudgha
Makhleb
Nemelex Xobeh
Okawaru
Qazlal
Ru
Sif Muna
Trog
Uskayaw
Vehumet
Wu Jian
Xom
Yredelemnul
Zin
The Shining One
Jiyva

Shops:
D:4 [   D:7 :   Orc:2 [(*=   Elf:2 *   Elf:3 (   Shoals:3 =   Snake:2 [
Vaults:1 [   Depths:3 *:**

Portals:
Hell: Depths:1 Depths:2 Depths:3 Depths:4 Depths:5
Abyss: Depths:1 Depths:2 Depths:4 Depths:5
Pandemonium: Depths:1 Depths:3 Depths:4
Ziggurat: Depths:5

Annotations:
Lair:3 exclusion: oklob plant
Zot:1 1 runed translucent door, Flapstick's ghost, legendary HaBe


Innate Abilities, Weirdness & Mutations

You have a pair of small horns on your head.
Scrolls take you longer to read.
You are very clumsy. (Dex -4)
Your body often deteriorates upon taking damage.
You are very frail. (-20% HP)
Your magical capacity is very low. (-20% MP)
Potions are less effective at restoring your health.


Message History

* * * LOW HITPOINT WARNING * * *
You hear a shout!
Okay, then.
The orb of fire glows deep purple.
The bolt of fire misses you. The ancient lich casts a spell at you.
The bolt of negative energy misses you.
The ancient lich gestures at you while chanting.
The poison arrow misses you.
The quicksilver dragon breathes dispelling energy at you.
The bolt of dispelling energy misses you.
The orb of fire glows bright magenta.
The fireball explodes!
The fireball engulfs you!! You resist.
* * * LOW HITPOINT WARNING * * *
The fireball engulfs the orb of fire.
The orb of fire completely resists.
The fireball engulfs the orb of fire.
The orb of fire completely resists.
The fireball engulfs the orb of fire.
The orb of fire completely resists.
The orb of fire glows deep purple.
The bolt of fire hits you! You resist.
You die...

▓▓▓▓▓▓▓▓▓▓▓▓▓▓▓
***▓.............▓▓**
**,,................,***
**,,.................,,,**
*,,,.................,,,,* ***
*,,,.........@.q.....,,,,***,,
**,,...^...***....q..,,,,**,,,
**,.......^...L.....,,,,*,,,,
**.....D^......%d..,,,,,,,,,
**,.....L.....X.X...,,,,*,,,,
**,,...^.........L...,,,,**,,,
*,,,..............dq.,,,,***,,
*,,,..^..............,,,,* ***
**,,..X[.....^......,,,,**


You could see 3 orbs of fire, 2 draconians, 3 ancient liches, a yellow
draconian, a red draconian, a quicksilver dragon, 2 Orb Guardians and a purple
draconian scorcher.

Vanquished Creatures
  4 orbs of fire
  Mara (Shoals:3)
  4 ancient liches
  Mennas (Crypt:2)
  2 juggernauts (Depths:4)
  Boris (thrice) (Depths:2 Depths:3 Tomb:1)
  4 greater mummies
  The ghost of Houmnergh the Rich, a master GnTm of Gozag (Crypt:3)
  Frederick (Vaults:3)
  Margery (Crypt:2)
  Saint Roka (Depths:3)
  A Killer Klown (Zot:5)
  A curse toe (Zot:2)
  A caustic shrike (Depths:4)
  Xtahua (Crypt:2)
  Nikola (Shoals:4)
  Geryon (Hell)
  9 golden dragons
  the Enchantress (Depths:5)
  4 bone dragons
  A profane servitor (Abyss:4)
  The ghost of Lianjan the Gnoll Aeon, an adept GnWr of Cheibriados (Vaults:3)
  3 electric golems
  3 hellephants (Abyss:4)
  18 tentacled monstrosities
  Rupert (D:13)
  10 Orb Guardians (Zot:5)
  7 quicksilver dragons
  10 liches
  3 deep elf blademasters
  2 deep elf master archers
  2 acid blobs (Lair:5)
  11 death cobs
  6 ancient champions
  9 titans
  An acid blob (shapeshifter) (Vaults:5)
  Frances (D:12)
  10 tentacled starspawn
  15 sphinxes
  Polyphemus (Shoals:2)
  10 storm dragons
  Agnes (D:15)
  Donald (Elf:3)
  6 nagarajas
  Kirke (D:12)
  7 shadow dragons
  5 revenants
  8 tengu reavers
  19 fire giants
  Ilsuiw (Shoals:3)
  12 draconian monks
  7 deep elf sorcerers
  12 vault wardens
  4 draconian scorchers
  23 frost giants
  7 draconian shifters
  A ghost moth (Zot:3)
  5 iron dragons
  4 deep elf elementalists
  2 orc warlords
  Aizul (Shoals:3)
  A cacodemon (Hell)
  2 juggernaut zombies
  5 draconian knights
  4 curse skulls
  A caustic shrike zombie (Depths:3)
  19 ironheart preservers
  5 reapers
  3 draconian stormcallers
  2 caustic shrike skeletons (Depths:3)
  8 draconian annihilators
  3 juggernaut skeletons (Depths:3)
  3 spriggan defenders
  32 very ugly things
  2 war gargoyles
  18 vampire knights
  34 stone giants
  Nessos (D:13)
  6 bennus
  21 black draconians
  11 deep elf demonologists
  2 lorocyprocas
  18 deep elf annihilators
  10 yellow draconians
  4 dire elephants
  A minotaur (shapeshifter) (Depths:4)
  9 green draconians
  4 spark wasps
  10 purple draconians
  9 white draconians
  7 eidola
  13 red draconians
  6 deep elf death magi
  4 merfolk javelineers
  8 statues (Depths:2)
  4 blizzard demons
  9 ettins
  8 merfolk impalers
  7 mummy priests
  22 jiangshi
  4 crystal guardians (Elf:3)
  6 deep elf high priests
  25 fire dragons
  A quicksilver dragon zombie (Tomb:2)
  18 yaktaur captains
  37 vault guards
  10 great orbs of eyes
  8 hydras
  8 rakshasas
  8 ice dragons
  12 naga warriors
  4 catoblepae
  4 spriggan air magi
  A shambling mangrove (Abyss:3)
  A quicksilver dragon skeleton (Vaults:4)
  3 alligator snapping turtles
  10 centaur warriors
  19 anacondas
  3 merfolk aquamancers (Shoals:4)
  2 merfolk avatars (Shoals:2)
  14 ogre magi
  6 death knights
  5 tengu warriors
  A death yak (shapeshifter) (Depths:4)
  54 two-headed ogres
  3 hell beasts (Hell)
  14 vampire magi
  7 death yaks
  12 deep troll earth magi
  13 deep troll shamans
  13 hell hogs
  15 thrashing horrors
  4 spriggan berserkers
  Sonja (D:12)
  26 dancing weapons
  2 orc high priests (Orc:2)
  18 naga sharpshooters
  13 shock serpents
  A titan zombie (Crypt:3)
  32 hell knights
  5 death scarabs (Tomb:2)
  2 iron golems (Hell)
  8 salamander mystics
  3 sun demons
  25 deep elf knights
  3 soul eaters
  A titan skeleton (Tomb:2)
  13 wretched stars
  6 storm dragon zombies
  5 iron trolls
  8 sixfirhies
  A shadow wraith (Vaults:5)
  15 skeletal warriors
  9 naga ritualists
  2 storm dragon skeletons
  4 anaconda zombies
  9 wizards
  4 spatial maelstroms
  2 tengu zombies
  13 flayed ghosts
  5 unseen horrors
  21 sea snakes
  6 ironbrand convokers
  7 glowing orange brains
  An unseen horror (shapeshifter) (Vaults:3)
  9 deep elf archers
  2 golden dragon zombies (Crypt:3)
  12 phantasmal warriors
  Pikel (D:5)
  2 lindwurms (shapeshifter)
  47 deep trolls
  4 lindwurms (Snake:4)
  An iron dragon zombie (Crypt:3)
  20 harpies
  16 necromancers
  30 large abominations
  2 shadow dragon skeletons (Depths:3)
  12 orc knights
  A tengu skeleton (Depths:3)
  A stone giant zombie (Vaults:4)
  8 wolf spiders
  30 ugly things
  A shining eye (Abyss:4)
  A wolf spider zombie (Abyss:4)
  3 orc sorcerers
  18 slime creatures
  A faun (Shoals:1)
  17 mana vipers
  A salamander (shapeshifter) (Depths:3)
  71 deep elf magi
  8 cyclopes
  2 iron dragon skeletons
  5 worldbinders
  12 manticores
  7 merfolk sirens
  20 moths of wrath
  13 salamanders
  3 fire giant zombies
  A toenail golem (Abyss:4)
  9 guardian serpents
  A manticore (shapeshifter) (Vaults:1)
  39 black mambas
  3 guardian serpents (shapeshifter)
  2 stone giant skeletons
  An ice statue (Hell)
  19 elephants
  2 fire giant skeletons
  11 rust devils
  3 human skeletons
  9 vault sentinels
  An elephant (shapeshifter) (Depths:5)
  5 orange demons
  4 water nymphs
  26 naga magi
  2 eyes of devastation (Abyss:4)
  An eye of devastation (shapeshifter) (Elf:2)
  An alligator snapping turtle zombie (Crypt:1)
  6 apocalypse crabs
  A pale draconian zombie (Crypt:2)
  11 smoke demons
  A gargoyle (D:15)
  A hellion (Hell)
  9 spiny frogs
  A storm dragon simulacrum (Abyss:4)
  2 rime drakes
  3 kobold demonologists
  3 efreet
  14 freezing wraiths
  18 komodo dragons
  3 demonic crawlers
  A yaktaur (shapeshifter) (Depths:5)
  A human zombie (Vaults:4)
  11 ice devils
  41 yaktaurs
  A tormentor (Abyss:2)
  34 guardian mummies
  6 hellwings
  A silent spectre (Abyss:4)
  14 ancient zymes
  5 tengu conjurers
  10 trolls
  2 hydra zombies
  2 meliai (shapeshifter)
  A troll (shapeshifter) (Depths:2)
  A catoblepas skeleton (Crypt:3)
  A harpy zombie (Crypt:3)
  9 red devils (Hell)
  A queen bee (Lair:1)
  A tyrant leech (Abyss:3)
  6 wind drakes
  21 merfolk
  A wolf spider simulacrum (Abyss:4)
  Prince Ribbit (D:6)
  7 hornets
  A sphinx simulacrum (Vaults:1)
  A polar bear (Lair:6)
  2 slime creatures (shapeshifter)
  A raiju (shapeshifter) (Vaults:5)
  A meliai zombie (D:14)
  8 snapping turtles
  35 raiju
  A dream sheep (shapeshifter) (Vaults:5)
  5 blink frogs
  A hippogriff (shapeshifter) (Depths:4)
  A snapping turtle (shapeshifter) (Depths:4)
  2 stone giant simulacra
  10 hippogriffs
  An alligator zombie (Hell)
  A fire dragon zombie (Crypt:3)
  An ice dragon zombie (Crypt:3)
  2 redbacks (shapeshifter)
  A redback (Abyss:3)
  18 small abominations
  2 alligator skeletons
  A fire giant simulacrum (Vaults:1)
  25 flying skulls
  2 tarantellas (shapeshifter)
  An ice dragon skeleton (Abyss:4)
  A spriggan (shapeshifter) (D:15)
  9 water elementals
  7 shadows
  5 air elementals
  7 wyverns
  14 ynoxinuls
  An ettin skeleton (Crypt:3)
  A tarantella (Abyss:3)
  10 wraiths
  37 yaks
  A fire dragon skeleton (Abyss:2)
  A spriggan (Depths:5)
  21 vampires
  A wyvern (shapeshifter) (Depths:2)
  5 ushabtiu
  8 fire elementals
  A yak (shapeshifter) (Depths:2)
  Grum (D:8)
  6 hogs
  Eustachio (D:5)
  3 fire bats (Abyss:4)
  A wind drake skeleton (Crypt:1)
  A basilisk (shapeshifter) (Vaults:3)
  A human (shapeshifter) (D:13)
  18 humans (D:14)
  6 basilisks
  A golden eye (shapeshifter) (D:15)
  6 hungry ghosts
  5 neqoxecs
  An elf skeleton (Depths:3)
  7 vampire mosquitoes
  4 chaos spawn
  3 spatial vortices (Abyss:4)
  A yaktaur simulacrum (Vaults:1)
  2 monstrous demonspawn zombies
  A harpy simulacrum (Crypt:3)
  An acid dragon (shapeshifter) (Vaults:3)
  54 nagas
  6 wargs
  3 elf zombies
  A merfolk zombie (Crypt:3)
  A soldier ant (shapeshifter) (D:14)
  A deep troll zombie (Crypt:3)
  An insubstantial wisp (Abyss:4)
  An acid dragon (Vaults:1)
  3 spiny frog zombies (Hell)
  14 water moccasins
  A faun skeleton (Crypt:1)
  5 hell hounds (Hell)
  Duvessa (D:6)
  4 floating eyes
  13 porcupines
  A hydra simulacrum (Hell)
  An ice beast (D:14)
  2 spiny frog skeletons
  A hornet zombie (D:5)
  A water nymph skeleton (Crypt:1)
  57 orc warriors
  3 black bears
  2 necrophages
  3 sky beasts
  64 starcursed masses
  22 boggarts
  An eye of draining (Abyss:2)
  2 phantoms
  34 ogres
  54 wolves
  A snapping turtle skeleton (Crypt:2)
  20 centaurs
  19 crocodiles
  2 manticore skeletons
  9 big kobolds
  A hog skeleton (Crypt:3)
  15 bullfrogs
  3 gnoll sergeants (D:11)
  A wyvern zombie (D:13)
  2 earth elementals
  2 yaktaur skeletons (Vaults:1)
  Dowan (D:6)
  A water moccasin skeleton (D:6)
  A water moccasin zombie (Crypt:2)
  5 scorpions
  27 wights
  50 killer bees
  A troll zombie (Crypt:2)
  6 howler monkeys
  A troll skeleton (Crypt:2)
  A vampire bat (Abyss:4)
  11 crimson imps
  5 centaur zombies
  A bullfrog zombie (D:9)
  2 draconian simulacra (IceCv)
  2 quasits
  5 jellies
  7 hounds
  4 centaur skeletons
  2 iguanas
  24 orc priests
  24 orc wizards
  A bullfrog skeleton (D:4)
  2 iron imps (Abyss:4)
  Ijyb (D:5)
  4 lightning spires
  15 worker ants
  7 hell rats (Hell)
  2 troll simulacra (IceCv)
  2 centaur simulacra
  A deep dwarf skeleton (Crypt:2)
  A hound zombie (D:7)
  2 hound skeletons
  49 mummies
  4 worker ant zombies
  3 naga simulacra (IceCv)
  A steam dragon zombie (Crypt:3)
  A swamp drake zombie (Crypt:1)
  18 adders
  13 gnolls
  2 ogre simulacra (IceCv)
  A steam dragon skeleton (Crypt:1)
  4 shadow imps
  3 white imps (Abyss:4)
  2 oozes (Abyss:4)
  An adder skeleton (D:9)
  4 worms
  A worm (shapeshifter) (Vaults:2)
  2 dart slugs
  4 leopard geckos
  77 orcs
  A bat skeleton (Crypt:2)
  10 giant cockroaches
  8 goblins
  11 hobgoblins
  19 jackals
  2 quokkas
  2 ball pythons
  9 bats
  4 frilled lizards
  A giant cockroach zombie (Crypt:2)
  A jackal skeleton (D:8)
  28 kobolds
  9 rats
  A bush (Lair:2)
  A butterfly (Abyss:4)
  A fire vortex (Depths:2)
  5 fungi
  2 lurking horrors
  19 plants
  15 starspawn tentacles (Abyss:4)
3334 creatures vanquished.

Vanquished Creatures (collateral kills)
  2 tentacled monstrosities
  2 electric golems
  A titan (Vaults:5)
  A storm dragon (Vaults:5)
  2 death cobs (Zot:5)
  2 tengu reavers
  A revenant (Tomb:1)
  A draconian monk (Zot:1)
  A deep elf sorcerer (Vaults:5)
  An iron dragon (Depths:4)
  A draconian annihilator (Zot:1)
  A spriggan defender (Depths:5)
  A draconian shifter (Zot:3)
  4 very ugly things (Depths:5)
  A deep elf annihilator (Depths:2)
  2 black draconians
  A red draconian (Zot:1)
  4 fire dragons
  A mummy priest (Tomb:1)
  3 great orbs of eyes
  2 yaktaur captains
  2 spriggan air magi
  A hell knight (Hell)
  A shock serpent (Zot:4)
  A sun demon (Hell)
  A spatial maelstrom (Abyss:3)
  An ironbrand convoker (Vaults:1)
  An orc knight (Vaults:5)
  An ugly thing (Depths:3)
  A moth of wrath (Zot:3)
  A merfolk siren (Shoals:3)
  A red devil (Hell)
  A yaktaur (Vaults:5)
  A guardian mummy (Tomb:1)
  A merfolk (Shoals:3)
  A tengu conjurer (Depths:4)
  A queen bee (Lair:2)
  A hippogriff (Shoals:3)
  A flying skull (Tomb:1)
  An air elemental (Elf:2)
  A wyvern (Lair:2)
  A steam dragon (Lair:2)
  An ushabti (Tomb:1)
  A floating eye (shapeshifter) (Depths:5)
  A water moccasin (Lair:2)
  An ogre (Depths:3)
  2 centaurs (Depths:3)
  An elf simulacrum (Vaults:5)
  2 starcursed masses (Abyss:3)
  2 lightning spires (Zot:4)
  A mummy (Tomb:1)
  2 orcs
71 creatures vanquished.

Vanquished Creatures (others)
  A golden dragon (Depths:4)
  A deep elf master archer (Elf:3)
  2 fire giants (Depths:4)
  A draconian monk (Zot:1)
  2 draconian shifters (Zot:4)
  A stone giant (Vaults:2)
  A dire elephant (Abyss:4)
  A spark wasp (Zot:4)
  A deep elf death mage (Depths:4)
  2 merfolk javelineers
  4 yaktaur captains
  3 centaur warriors
  A spriggan berserker (Depths:5)
  2 hell hogs
  2 naga sharpshooters
  A shock serpent (Zot:4)
  A sixfirhy (Zot:4)
  A soul eater (Hell)
  4 deep elf archers
  2 wizards (D:14)
  A necromancer (Vaults:5)
  2 deep elf magi
  2 cyclopes (Vaults:2)
  13 yaktaurs
  A ynoxinul (Abyss:1)
  A small abomination (Abyss:4)
  2 orc warriors
  A starcursed mass (Abyss:4)
  A boggart (Depths:2)
  An ogre (Depths:3)
  3 centaurs
  A wight (Crypt:2)
  A bullfrog zombie (D:5)
  An orc priest (D:5)
  2 orc wizards (D:5)
  5 ball lightnings (Zot:4)
  3 orcs
  A frilled lizard (D:5)
  A kobold (D:14)
  A quokka skeleton (D:5)
  2 bushes (Lair:2)
  3 fire vortices (Depths:2)
  24 fungi
  3 lurking horrors (Abyss:4)
  25 plants
  5 spectral weapons
  30 starspawn tentacles
170 creatures vanquished.

Grand Total: 3575 creatures vanquished

Notes
Turn   | Place    | Note
-------+----------+-------------------------------------------
     0 | D:1      | Furikabute the Hill Orc Fighter began the quest for the
                  | Orb.
     0 | D:1      | Reached XP level 1. HP: 19/19 MP: 1/1
    87 | D:1      | Reached XP level 2. HP: 22/27 MP: 2/2
   595 | D:2      | Found an opulent altar of Gozag.
   611 | D:2      | Reached XP level 3. HP: 22/33 MP: 3/3
   752 | D:2      | Found a radiant altar of Vehumet.
   928 | D:2      | Reached XP level 4. HP: 41/41 MP: 4/4
   994 | D:2      | Found a bloodstained altar of Trog.
  1172 | D:2      | Reached skill level 5 in Fighting
  1174 | D:2      | Found a burning altar of Makhleb.
  1708 | D:3      | Reached XP level 5. HP: 45/48 MP: 5/5
  1818 | D:3      | Reached skill level 5 in Axes
  2810 | D:3      | Reached XP level 6. HP: 54/56 MP: 6/6
  2988 | D:3      | Found a stormy altar of Qazlal.
  3282 | D:4      | Found an ornate altar of the Wu Jian Council.
  3515 | D:4      | Reached XP level 7. HP: 62/64 MP: 7/7
  3554 | D:4      | Found Uciun's Antique Armour Boutique.
  3568 | D:4      | Bought a runed chain mail for 195 gold pieces
  4043 | D:5      | Entered Level 5 of the Dungeon
  4074 | D:5      | Reached skill level 5 in Armour
  4196 | D:5      | Noticed Ijyb
  4207 | D:5      | Killed Ijyb
  4224 | D:5      | Reached XP level 8. HP: 54/73 MP: 8/8
  4358 | D:5      | Found a staircase to the Ecumenical Temple.
  4385 | D:5      | Noticed Pikel
  4402 | D:5      | Killed Pikel
  4422 | Temple   | Entered the Ecumenical Temple
  4464 | Temple   | Became a worshipper of Warmaster Okawaru
  4654 | D:5      | Reached XP level 9. HP: 83/83 MP: 9/9
  4711 | D:5      | Noticed Eustachio
  4723 | D:5      | Killed Eustachio
  4768 | D:5      | Found a snail-covered altar of Cheibriados.
  4769 | D:5      | Found a shimmering altar of Xom.
  4769 | D:5      | Found a white marble altar of Elyvilon.
  4770 | D:5      | Found a sacrificial altar of Ru.
  5208 | D:5      | Found a glowing golden altar of the Shining One.
  5288 | D:6      | Found a sand-covered staircase.
  5354 | D:6      | Reached skill level 10 in Axes
  5470 | D:6      | Noticed Prince Ribbit
  5471 | D:6      | Noticed Dowan
  5476 | D:6      | Noticed Duvessa
  5485 | D:6      | Killed Prince Ribbit
  5490 | D:6      | Killed Duvessa
  5490 | D:6      | Reached * piety under Okawaru
  5496 | D:6      | Killed Dowan
  5496 | D:6      | Reached skill level 10 in Fighting
  5966 | D:6      | Found an iron altar of Okawaru.
  6573 | D:7      | Noticed a +0 hand axe
  6574 | D:7      | Noticed a +0 dagger
  6575 | D:7      | Found a hide-covered altar of Uskayaw.
  6855 | D:7      | Found Xupy's Book Boutique.
  7014 | D:7      | Reached XP level 10. HP: 94/94 MP: 10/10
  7341 | D:7      | Gained mutation: You are clumsy. (Dex -2) [potion of
                  | mutation]
  7341 | D:7      | Gained mutation: You have a pair of small horns on your
                  | head. [potion of mutation]
  7452 | D:8      | Reached ** piety under Okawaru
  7546 | D:8      | Noticed Grum
  7560 | D:8      | Killed Grum
  8139 | D:8      | Noticed a two-headed ogre
  8142 | D:8      | Killed a two-headed ogre
  8583 | D:9      | Reached *** piety under Okawaru
  8913 | D:9      | Found a staircase to the Lair.
  9067 | D:9      | Reached XP level 11. HP: 105/105 MP: 11/11
  9320 | D:9      | Found a blossoming altar of Fedhas.
  9558 | D:9      | Reached **** piety under Okawaru
 10020 | D:10     | Entered Level 10 of the Dungeon
 10184 | D:10     | Found a portal to a secret trove of treasure.
 11627 | D:11     | Found a staircase to the Orcish Mines.
 11659 | D:11     | Reached ***** piety under Okawaru
 11991 | D:12     | Noticed Frances
 12012 | D:12     | Killed Frances
 12012 | D:12     | Received a gift from Okawaru
 12363 | D:12     | Reached skill level 15 in Axes
 12363 | D:12     | Reached XP level 12. HP: 92/117 MP: 8/12
 12582 | D:12     | Reached skill level 10 in Armour
 12755 | D:12     | Noticed a two-headed ogre
 12766 | D:12     | Killed a two-headed ogre
 12888 | D:12     | Noticed Sonja
 13041 | D:12     | Noticed Kirke
 13493 | D:12     | Killed Kirke
 13879 | D:13     | Found a white marble altar of Elyvilon.
 14453 | D:13     | Found a shadowy altar of Dithmenos.
 14497 | D:13     | Reached skill level 15 in Fighting
 14983 | D:13     | Reached skill level 5 in Shields
 15014 | D:13     | Noticed Nessos
 15025 | D:13     | Killed Nessos
 15298 | D:13     | Reached skill level 1 in Bows
 15566 | Lair:1   | Entered Level 1 of the Lair of Beasts
 15632 | Lair:1   | Reached XP level 13. HP: 116/127 MP: 13/13
 15636 | Lair:1   | Received a gift from Okawaru
 18212 | Lair:2   | Reached ****** piety under Okawaru
 18506 | Lair:2   | Found a frozen archway.
 18513 | Lair:2   | Received a gift from Okawaru
 18523 | IceCv    | Entered an ice cave
 19646 | IceCv    | Received a gift from Okawaru
 20194 | Lair:2   | Found a staircase to the Snake Pit.
 20695 | Lair:2   | Reached XP level 14. HP: 138/138 MP: 14/14
 21428 | Lair:3   | Found a staircase to the Shoals.
 22212 | Lair:4   | Received a gift from Okawaru
 23520 | Lair:5   | Found a runed translucent door.
 23521 | Lair:5   | Found a viscous altar of Jiyva.
 23522 | Lair:5   | Noticed an acid blob
 23523 | Lair:5   | Found a staircase to the Slime Pits.
 23523 | Lair:5   | Noticed an acid blob
 23588 | Lair:6   | Entered Level 6 of the Lair of Beasts
 24202 | Lair:6   | Received a gift from Okawaru
 24349 | Lair:6   | Received a gift from Okawaru
 24714 | Lair:6   | Received a gift from Okawaru
 24901 | Lair:6   | Reached XP level 15. HP: 126/149 MP: 11/15
 25954 | Orc:1    | Entered Level 1 of the Orcish Mines
 26015 | Orc:2    | Entered Level 2 of the Orcish Mines
 26115 | Orc:2    | Received a gift from Okawaru
 26116 | Orc:2    | Got a slimy shield {god gift}
 26127 | Orc:2    | Identified the +1 shield "Jusurghuo" {+Blink} (Okawaru
                  | gifted it to you on level 2 of the Orcish Mines)
 26430 | Orc:2    | Reached skill level 1 in Invocations
 26589 | Orc:2    | Noticed an orc warlord
 26924 | Orc:2    | Found a staircase to the Elven Halls.
 27150 | Orc:2    | Found Nepoe's General Store.
 27193 | Orc:1    | Killed an orc warlord
 27329 | Orc:2    | Noticed an orc warlord
 27348 | Orc:2    | Killed an orc warlord
 27348 | Orc:2    | Reached skill level 10 in Shields
 27556 | Orc:2    | Found Jeppoiz's Antique Weapon Shoppe.
 27564 | Orc:2    | Bought a shimmering falchion for 272 gold pieces
 27564 | Orc:2    | Identified the +2 falchion "Xif Liss" {elec, MR+} (You
                  | bought it in a shop on level 2 of the Orcish Mines)
 27587 | Orc:2    | Found Ivijofim's Antique Armour Shoppe.
 27595 | Orc:2    | Bought a jewelled plate armour for 784 gold pieces
 27605 | Orc:2    | Identified the +9 plate armour of the Other Side {*Slow rF+
                  | Int+5} (You bought it in a shop on level 2 of the Orcish
                  | Mines)
 27733 | Orc:2    | Found Git Waic's Jewellery Shop.
 28549 | D:14     | Noticed Rupert
 28640 | D:13     | Killed Rupert
 29109 | D:14     | Reached skill level 5 in Invocations
 29807 | D:14     | Received a gift from Okawaru
 29894 | D:14     | Reached XP level 16. HP: 132/161 MP: 15/20
 30113 | D:14     | Found a gate to the Vaults.
 30346 | D:15     | Entered Level 15 of the Dungeon
 30412 | D:15     | Paralysed by a floating eye for 3 turns
 30480 | D:15     | Found a glowing silver altar of Zin.
 30481 | D:15     | Noticed Agnes
 30492 | D:15     | Killed Agnes
 30506 | D:15     | Paralysed by a great orb of eyes for 5 turns
 30654 | D:15     | Received a gift from Okawaru
 30664 | D:15     | Got a coiled platinum ring
 30668 | D:15     | Identified the ring of Sin {rCorr rF- rC+ SInv} (You found
                  | it on level 15 of the Dungeon)
 30854 | D:15     | Paralysed by a floating eye for 2 turns
 30867 | D:15     | Found a snail-covered altar of Cheibriados.
 30872 | D:15     | Received a gift from Okawaru
 30922 | D:15     | Got a heavily runed bronze ring
 30925 | D:15     | Identified the ring of Zaupn {rElec rPois Str-4 Int+4
                  | Dex+6} (You found it on level 15 of the Dungeon)
 30958 | D:15     | Paralysed by a great orb of eyes for 3 turns
 30970 | D:15     | Received a gift from Okawaru
 31109 | D:15     | Found a burning altar of Makhleb.
 31166 | D:15     | Got a vibrating amber ring
 31177 | D:15     | Identified the ring of Biost {Int+2 Slay+3} (You found it
                  | on level 15 of the Dungeon)
 31207 | D:15     | Received a gift from Okawaru
 31585 | D:15     | Received a gift from Okawaru
 31678 | D:15     | Found a staircase to the Depths.
 32767 | Shoals:1 | Entered Level 1 of the Shoals
 33240 | Shoals:1 | Received a gift from Okawaru
 33402 | Shoals:1 | Reached XP level 17. HP: 101/172 MP: 13/23
 34035 | Shoals:2 | Reached skill level 1 in Evocations
 34074 | Shoals:2 | Noticed Polyphemus
 34109 | Shoals:2 | Killed Polyphemus
 35414 | Shoals:3 | Received a gift from Okawaru
 35417 | Shoals:3 | Got a bloodstained ring mail {god gift}
 35604 | Shoals:3 | Identified the +1 ring mail of the Dropbear {rPois Str+2
                  | Int+3 Stlth-} (Okawaru gifted it to you on level 3 of the
                  | Shoals)
 35766 | Shoals:3 | Noticed Ilsuiw
 36262 | Shoals:3 | Killed Ilsuiw
 36616 | Shoals:3 | Noticed Aizul
 36829 | Shoals:3 | Found Peijakye's Jewellery Shop.
 36882 | Shoals:3 | Bought the ring of Vaesax {*Drain rElec MR+ Str+4 Dex+3}
                  | for 946 gold pieces
 36918 | Shoals:3 | Noticed Mara
 36925 | Shoals:3 | Noticed Furikabute's illusion
 37239 | Shoals:3 | Killed Aizul
 37242 | Shoals:3 | Noticed Furikabute's illusion
 37243 | Shoals:4 | Entered Level 4 of the Shoals
 37243 | Shoals:4 | Noticed Nikola
 37577 | Shoals:4 | Reached skill level 15 in Armour
 38588 | D:12     | Killed Sonja
 38743 | Snake:1  | Entered Level 1 of the Snake Pit
 39519 | Snake:1  | Got an ancient robe
 39520 | Snake:1  | Identified the +2 robe of Xeniet Usegy {rN+} (You found it
                  | on level 1 of the Snake Pit)
 40473 | Orc:2    | Found Nepoe's General Store.
 40516 | Orc:2    | Found Git Waic's Jewellery Shop.
 40661 | Orc:2    | Found a staircase to the Elven Halls.
 40842 | Orc:2    | Found Ivijofim's Antique Armour Shoppe.
 41126 | Snake:2  | Found Xocublig's Armour Boutique.
 41190 | Snake:2  | Received a gift from Okawaru
 41190 | Snake:2  | Reached skill level 5 in Evocations
 41190 | Snake:2  | Reached XP level 18. HP: 167/183 MP: 21/24
 41712 | Snake:3  | Received a gift from Okawaru
 42222 | Snake:3  | Received a gift from Okawaru
 43285 | Snake:4  | Entered Level 4 of the Snake Pit
 43397 | Snake:4  | Received a gift from Okawaru
 44060 | Snake:4  | Received a gift from Okawaru
 44588 | Snake:4  | Received a gift from Okawaru
 44766 | Snake:4  | Reached XP level 19. HP: 175/193 MP: 23/25
 44852 | Snake:4  | Received a gift from Okawaru
 44853 | Snake:4  | Found the +3 hat of Pondering {ponderous, MR+ MP+10 Int+5}
 45969 | Snake:4  | Got a serpentine rune of Zot
 46560 | Shoals:3 | Killed Mara
 46560 | Shoals:3 | Received a gift from Okawaru
 46855 | Shoals:4 | Received a gift from Okawaru
 46905 | Shoals:4 | Got a barnacled rune of Zot
 47189 | Shoals:4 | Killed Nikola
 48092 | Shoals:4 | Reached XP level 20. HP: 206/206 MP: 26/26
 48126 | Shoals:4 | Received a gift from Okawaru
 48868 | D:10     | You paid a toll of +3 gold dragon scales to enter a
                  | treasure trove
 48869 | Trove    | Entered a treasure trove
 49093 | Elf:1    | Entered Level 1 of the Elven Halls
 49252 | Elf:1    | Received a gift from Okawaru
 49260 | Elf:1    | Reached skill level 15 in Shields
 49269 | Elf:1    | Got a scorched war axe {god gift}
 49272 | Elf:1    | Identified the +11 war axe of the Hawk {flame, rElec rN+
                  | Int+3 Stlth+} (Okawaru gifted it to you on level 1 of the
                  | Elven Halls)
 49772 | Elf:1    | Identified the +9 battleaxe of Ruination {venom, rElec rN+
                  | Int+4}
 49832 | Elf:1    | Identified Sif Muna's Volume of Arcane Weapons and
                  | Companions
 50484 | Elf:2    | Found the +10 morningstar "Eos" {elec, Halo rElec}
 50497 | Elf:2    | Found a runed translucent gate.
 50497 | Elf:2    | Found a runed translucent gate.
 50497 | Elf:2    | Found a runed translucent gate.
 50498 | Elf:2    | Got a twisted war axe
 50516 | Elf:2    | Identified the +9 war axe "Yvudam" {holy, MP+9 Str+3} (You
                  | found it on level 2 of the Elven Halls)
 51205 | Elf:2    | Found Sophuchi's Assorted Antiques.
 51219 | Elf:2    | Got a fine scale mail
 51220 | Elf:2    | Identified the +6 scale mail of Ipicoesh {Int+2} (You found
                  | it on level 2 of the Elven Halls)
 51557 | Elf:2    | Reached skill level 10 in Evocations
 51614 | Elf:2    | Reached skill level 10 in Invocations
 51930 | Elf:2    | Received a gift from Okawaru
 52207 | Elf:3    | Entered Level 3 of the Elven Halls
 52276 | Elf:3    | Found Neisuhee's Antique Weapon Emporium.
 52374 | Elf:3    | Noticed Donald
 52386 | Elf:3    | Killed Donald
 52387 | Elf:3    | Received a gift from Okawaru
 52694 | Elf:3    | Reached XP level 21. HP: 166/216 MP: 29/29
 53894 | Elf:3    | Received a gift from Okawaru
 54188 | Elf:3    | Identified the ring "Jilarr" {+Fly rPois Int+9 Stlth+}
 54626 | Elf:3    | Identified the Papyrus of Bewitching Contamination
 54635 | Elf:3    | Identified the Tome of the Arsonist and the Rocks
 54643 | Elf:3    | Identified Koacosm's Guide on Black Magic and Protection
 54666 | Elf:3    | Identified the Handbook of Conjuration
 54972 | Vaults:1 | Entered Level 1 of the Vaults
 54972 | Vaults:1 | Found Utuyty's Armour Emporium.
 54988 | Vaults:1 | Bought the +2 pair of boots of the Assassin {Detection
                  | Stab+ Stlth++} for 1020 gold pieces
 54988 | Vaults:1 | Found the +2 pair of boots of the Assassin {Detection Stab+
                  | Stlth++}
 55124 | Vaults:1 | Got a pitted leather armour
 55127 | Vaults:1 | Identified the cursed +1 leather armour of the Vestibule of
                  | Hell {+Inv rC+ Slay-6} (You found it on level 1 of the
                  | Vaults)
 55285 | Vaults:1 | Received a gift from Okawaru
 56132 | Vaults:2 | Learned a level 1 spell: Apportation
 56141 | Vaults:2 | Learned a level 8 spell: Controlled Blink
 57097 | Vaults:3 | Received a gift from Okawaru
 57207 | Vaults:3 | Reached XP level 22. HP: 220/228 MP: 31/31
 57465 | Vaults:3 | Noticed Frederick
 57478 | Vaults:3 | Killed Frederick
 57759 | Vaults:3 | Received a gift from Okawaru
 57821 | Vaults:3 | Found a staircase to the Crypt.
 57821 | Vaults:3 | Found an ancient bone altar of Kikubaaqudgha.
 57821 | Vaults:3 | Found a basalt altar of Yredelemnul.
 58045 | Vaults:3 | Reached skill level 1 in Spellcasting
 58225 | Vaults:3 | Found a large runed translucent door.
 58225 | Vaults:3 | Found a large runed translucent door.
 58225 | Vaults:3 | Found a large runed translucent door.
 58225 | Vaults:3 | Found a large runed translucent door.
 58225 | Vaults:3 | Found a large runed translucent door.
 58225 | Vaults:3 | Found a large runed translucent door.
 58225 | Vaults:3 | Found a large runed translucent door.
 58225 | Vaults:3 | Found a large runed translucent door.
 58225 | Vaults:3 | Noticed Lianjan's ghost (adept GnWr)
 58322 | Vaults:3 | Killed Lianjan's ghost
 58681 | Vaults:3 | Received a gift from Okawaru
 58687 | Vaults:3 | Got a bloodstained plate armour {god gift}
 58719 | Vaults:3 | Identified the +1 plate armour "Dimnor" {Int+5} (Okawaru
                  | gifted it to you on level 3 of the Vaults)
 59674 | Vaults:4 | Reached XP level 23. HP: 207/239 MP: 33/33
 59873 | Vaults:4 | Learned a level 1 spell: Infusion
 59981 | Vaults:4 | Reached skill level 1 in Charms
 60203 | Vaults:4 | Reached skill level 27 in Fighting
 61055 | Vaults:5 | Entered Level 5 of the Vaults
 61253 | Depths:1 | Entered Level 1 of the Depths
 61253 | Depths:1 | Found a gateway to Hell.
 61376 | Depths:1 | Received a gift from Okawaru
 61555 | D:15     | Reached skill level 5 in Spellcasting
 62082 | Depths:1 | Reached skill level 5 in Charms
 62083 | Depths:1 | Received a gift from Okawaru
 62372 | Depths:1 | Found a one-way gate leading to the halls of Pandemonium.
 62548 | Depths:1 | Received a gift from Okawaru
 62616 | Depths:1 | Found an iron altar of Okawaru.
 62882 | Depths:1 | Received a gift from Okawaru
 63233 | Depths:1 | Found a one-way gate to the infinite horrors of the Abyss.
 63355 | Depths:2 | Learned a level 2 spell: Swiftness
 63359 | Depths:2 | Learned a level 3 spell: Regeneration
 63532 | Depths:2 | Reached skill level 1 in Necromancy
 63736 | Depths:2 | Reached XP level 24. HP: 249/249 MP: 30/33
 65301 | Depths:2 | Found a radiant altar of Vehumet.
 65301 | Depths:2 | Noticed Boris
 65316 | Depths:2 | Killed Boris
 65782 | Depths:2 | Got a fine demon trident
 65794 | Depths:2 | Identified the cursed +3 demon trident of Wrongful
                  | Imprisonment {venom, rPois} (You found it on level 2 of the
                  | Depths)
 66044 | Depths:3 | Noticed Boris
 66085 | Depths:3 | Killed Boris
 66135 | Depths:3 | Received a gift from Okawaru
 66157 | Depths:3 | Reached skill level 5 in Necromancy
 66383 | Depths:3 | Got a creamy pearl robe {god gift}
 66385 | Depths:3 | Identified the +1 robe of Inevitability {rC+ rN+} (Okawaru
                  | gifted it to you on level 3 of the Depths)
 66829 | Depths:3 | Learned a level 4 spell: Animate Dead
 66838 | Depths:3 | Found Looraopp's Assorted Antiques.
 66838 | Depths:3 | Found Zyraar's Book Shoppe.
 66840 | Depths:3 | Found Qorouk Egor's Assorted Antiques.
 66841 | Depths:3 | Found Guece Deg's General Store.
 66889 | Depths:3 | Found a shimmering altar of Xom.
 67502 | Depths:3 | Noticed Saint Roka
 67525 | Depths:3 | Killed Saint Roka
 67525 | Depths:3 | Reached XP level 25. HP: 232/257 MP: 35/35
 67673 | Depths:4 | Received a gift from Okawaru
 67720 | Depths:4 | Received a gift from Okawaru
 68145 | Depths:4 | Paralysed by a floating eye for 4 turns
 69057 | Depths:4 | Found a shimmering altar of Xom.
 69108 | Depths:4 | Noticed a juggernaut
 69120 | Depths:4 | Was placed under penance by Okawaru
 69575 | Depths:4 | Identified the +6 morningstar "Beastbane" {antimagic,
                  | Stlth+}
 69724 | Depths:4 | Reached skill level 10 in Spellcasting
 70724 | Depths:4 | Reached skill level 10 in Charms
 70802 | Depths:4 | Was forgiven by Okawaru
 71224 | Depths:4 | Noticed a juggernaut
 71238 | Depths:4 | Killed a juggernaut
 71265 | Depths:4 | Killed a juggernaut
 71594 | Depths:4 | Reached XP level 26. HP: 246/266 MP: 37/37
 71625 | Depths:4 | Received a gift from Okawaru
 71628 | Depths:4 | Got an encrusted ring mail {god gift}
 71658 | Depths:4 | Identified the +1 ring mail of Orthodoxy {rF++ Regen+
                  | Dex+3} (Okawaru gifted it to you on level 4 of the Depths)
 72458 | Depths:4 | Got a scorched ivory ring
 72590 | Depths:4 | Identified the ring "Vyvy" {rPois rC- MR+++ Int+8 Stlth+}
                  | (You found it on level 4 of the Depths)
 73021 | Depths:4 | Got a distressingly furry plate armour
 73045 | Depths:4 | Identified the +11 plate armour "Lecinet" {*Drain rElec MR-
                  | rCorr Str+6} (You found it on level 4 of the Depths)
 74523 | Depths:5 | Entered Level 5 of the Depths
 74739 | Depths:5 | Found a sparkling altar of Nemelex Xobeh.
 74752 | Depths:5 | Reached skill level 10 in Necromancy
 74906 | Depths:5 | Found a gate to the Realm of Zot.
 75632 | Depths:5 | Found a gateway to a ziggurat.
 75632 | Depths:5 | Identified the +3 faerie dragon scales {+Blink rF- MR++
                  | Regen+ rCorr}
 75632 | Depths:5 | Noticed the Enchantress
 75872 | Crypt:1  | Entered Level 1 of the Crypt
 76737 | Crypt:1  | Identified the +7 falchion of Anxiety {holy, Fragile rC++
                  | rN++ Dex+3} (You found it on level 1 of the Crypt)
 76749 | Crypt:1  | Learned a level 6 spell: Death Channel
 76754 | Crypt:1  | Learned a level 4 spell: Summon Ice Beast
 76946 | Crypt:2  | Noticed Margery
 76957 | Crypt:2  | Killed Margery
 76957 | Crypt:2  | Received a gift from Okawaru
 76971 | Crypt:2  | Reached skill level 1 in Summonings
 77159 | Crypt:2  | Noticed Mennas
 77494 | Crypt:2  | Killed Mennas
 77747 | Crypt:2  | Received a gift from Okawaru
 77964 | Crypt:2  | Noticed Xtahua
 78403 | Crypt:2  | Killed Xtahua
 78819 | Crypt:3  | Entered Level 3 of the Crypt
 78881 | Crypt:3  | Reached XP level 27. HP: 273/273 MP: 39/39
 79137 | Crypt:3  | Got a warped ring mail
 79138 | Crypt:3  | Identified the cursed +1 ring mail of the Imp {rElec rPois
                  | Dex+3} (You found it on level 3 of the Crypt)
 79184 | Crypt:3  | Found a staircase to the Tomb.
 79255 | Crypt:3  | Got a pair of polished boots
 79266 | Crypt:3  | Identified the cursed +0 pair of boots "Asozuck" {MR+} (You
                  | found it on level 3 of the Crypt)
 79316 | Crypt:3  | Learned a level 3 spell: Spectral Weapon
 79326 | Crypt:3  | Found an ancient bone altar of Kikubaaqudgha.
 79640 | Crypt:3  | Found an ancient bone altar of Kikubaaqudgha.
 79641 | Crypt:3  | Found a runed translucent gate.
 79641 | Crypt:3  | Noticed Houmnergh's ghost (master GnTm)
 79642 | Crypt:3  | Found a runed translucent gate.
 79642 | Crypt:3  | Found a runed translucent gate.
 79642 | Crypt:3  | Noticed an ancient lich
 79642 | Crypt:3  | Noticed an ancient lich
 79805 | Crypt:3  | Killed an ancient lich
 79810 | Crypt:3  | Killed an ancient lich
 79810 | Crypt:3  | Reached skill level 5 in Summonings
 79827 | Crypt:3  | Killed Houmnergh's ghost
 79835 | Crypt:3  | Identified the Disquisition on Transformation and
                  | Companions
 79907 | Crypt:3  | Got a crude silver amulet
 79908 | Crypt:3  | Identified the amulet "Kuhush" {+Rage Dex+2} (You found it
                  | on level 3 of the Crypt)
 79917 | Crypt:3  | Got a pair of dazzling boots
 79929 | Crypt:3  | Identified the +0 pair of boots "Ner Uris" {rF- MR+ Int+2}
                  | (You found it on level 3 of the Crypt)
 80022 | Crypt:3  | Reached skill level 1 in Long Blades
 80330 | Crypt:3  | Received a gift from Okawaru
 80589 | Crypt:3  | Identified the ring "Guad" {*Corrode rN+ Int+4 Stlth+}
 80922 | Crypt:3  | Got a glittering granite ring
 80922 | Crypt:3  | Got a vibrating tin ring
 80926 | Crypt:3  | Identified the ring "Xeph" {rN+ MR+ Int+6 Dex+7} (You found
                  | it on level 3 of the Crypt)
 80929 | Crypt:3  | Identified the ring of Altruism {rN+ MR+} (You found it on
                  | level 3 of the Crypt)
 81030 | Tomb:1   | Entered Level 1 of the Tomb of the Ancients
 81043 | Tomb:1   | Reached skill level 5 in Long Blades
 81296 | Tomb:1   | Noticed Boris
 81308 | Tomb:1   | Killed Boris
 81451 | Tomb:1   | Noticed a greater mummy
 81472 | Tomb:1   | Killed a greater mummy
 82222 | Tomb:2   | Noticed a greater mummy
 82222 | Tomb:2   | Noticed a greater mummy
 82222 | Tomb:2   | Noticed a greater mummy
 82222 | Tomb:2   | Noticed a greater mummy
 82243 | Tomb:2   | Killed a greater mummy
 83333 | Tomb:2   | Killed a greater mummy
 83353 | Tomb:2   | Paralysed by the power of Zot for 2 turns
 84065 | Tomb:1   | Noticed a greater mummy
 84066 | Tomb:1   | Noticed a greater mummy
 84073 | Tomb:1   | Reached skill level 10 in Long Blades
 84084 | Tomb:1   | Killed a greater mummy
 84084 | Tomb:1   | Noticed a greater mummy
 84665 | Vaults:4 | Received a gift from Okawaru
 84673 | Vaults:4 | Got a brightly glowing ring mail {god gift}
 84674 | Vaults:4 | Identified the +3 ring mail of Indomitability {*Drain rN+
                  | Int+2} (Okawaru gifted it to you on level 4 of the Vaults)
 85014 | Vaults:5 | Reached skill level 15 in Necromancy
 85019 | Vaults:5 | Got a steaming wooden ring
 85163 | Vaults:5 | Got a spiked ring mail
 85513 | Vaults:5 | Identified the ring of Jyedauh {Str+4 Stlth-} (You found it
                  | on level 5 of the Vaults)
 85716 | Vaults:5 | Received a gift from Okawaru
 85887 | Vaults:5 | Identified the +2 chain mail "Sidghept" {Str+2}
 86110 | Vaults:5 | Got a silver rune of Zot
 86131 | Vaults:5 | Identified Sif Muna's Volume of the Voyage and Beguiling
 86243 | Vaults:5 | Identified the ring of Leaq {MR+ Dex+3}
 86351 | Vaults:5 | Identified a scroll of acquirement
 86458 | Vaults:5 | Reached skill level 15 in Spellcasting
 86889 | Vaults:4 | Identified the +2 ring mail of Anarchy {MP+9 Str+4} (You
                  | found it on level 5 of the Vaults)
 86897 | Vaults:4 | Got a pair of heavily runed gloves
 86908 | Vaults:4 | Identified the +1 pair of gloves of Responsibility {rC-
                  | rCorr Int+5} (You acquired it on level 4 of the Vaults)
 87114 | Depths:5 | Received a gift from Okawaru
 87123 | Depths:5 | Got a pair of distressingly furry gloves {god gift}
 87157 | Depths:5 | Killed the Enchantress
 87163 | Depths:5 | Paralysed by a floating eye for 3 turns
 87509 | Depths:5 | Identified the +1 pair of gloves "Assuolis" {Regen+}
                  | (Okawaru gifted it to you on level 5 of the Depths)
 89121 | Depths:1 | Voluntarily entered the Abyss.
 89147 | Abyss:1  | Learned a level 5 spell: Borgnjor's Vile Clutch
 89375 | Abyss:2  | Reached skill level 1 in Dodging
 89972 | Abyss:3  | Paralysed by accursed screaming for 1 turns
 90089 | Abyss:3  | Received a gift from Okawaru
 90130 | Abyss:3  | Paralysed by accursed screaming for 2 turns
 90505 | Abyss:4  | Found a corrupted altar of Lugonu.
 90745 | Abyss:4  | Reached skill level 10 in Summonings
 90907 | Abyss:4  | Noticed an ancient lich
 90935 | Abyss:4  | Killed an ancient lich
 90935 | Abyss:4  | Received a gift from Okawaru
 91011 | Abyss:4  | Reached skill level 5 in Dodging
 91102 | Abyss:4  | Gained mutation: Scrolls take you a little longer to read.
                  | [a shining eye]
 91106 | Abyss:4  | Gained mutation: Your magical capacity is low. (-10% MP) [a
                  | shining eye]
 91108 | Abyss:4  | Gained mutation: You are frail. (-10% HP) [a shining eye]
 91109 | Abyss:4  | Gained mutation: Potions are less effective at restoring
                  | your health. [a shining eye]
 91110 | Abyss:4  | Found a corrupted altar of Lugonu.
 91111 | Abyss:4  | Gained mutation: Your muscles are strong. (Str +2) [a
                  | shining eye]
 91113 | Abyss:4  | Gained mutation: Scrolls take you longer to read. [a
                  | shining eye]
 91114 | Abyss:4  | Got an abyssal rune of Zot
 91121 | Abyss:4  | Gained mutation: Your body sometimes deteriorates upon
                  | taking damage. [a shining eye]
 91259 | Abyss:4  | Gained mutation: Your magical capacity is very low. (-20%
                  | MP) [a neqoxec]
 91283 | Abyss:4  | Lost mutation: Your muscles are strong. (Str +2) [a
                  | neqoxec]
 91630 | Abyss:4  | Paralysed by accursed screaming for 1 turns
 91703 | Abyss:4  | Gained mutation: You are very clumsy. (Dex -4) [a neqoxec]
 91856 | Abyss:4  | Paralysed by accursed screaming for 1 turns
 92034 | Depths:1 | Escaped the Abyss
 92197 | Hell     | Entered the Vestibule of Hell
 92197 | Hell     | Noticed Geryon
 92212 | Hell     | Received a gift from Okawaru
 92227 | Hell     | Killed Geryon
 92647 | Hell     | Received a gift from Okawaru
 93184 | Hell     | Found a gateway to the Iron City of Dis.
 93233 | Hell     | Found a gateway to the ashen valley of Gehenna.
 93307 | Hell     | Found a gateway to the decaying netherworld of Tartarus.
 93332 | Hell     | Found a gateway to the freezing wastes of Cocytus.
 93648 | Zot:1    | Entered Level 1 of the Realm of Zot
 93719 | Zot:1    | Received a gift from Okawaru
 93797 | Zot:1    | Got a twisted mace
 93856 | Zot:1    | Identified the +1 mace "Okofy" {holy, rF+ Str+3 Int+2} (You
                  | found it on level 1 of the Realm of Zot)
 94219 | Zot:1    | Found a runed translucent door.
 94219 | Zot:1    | Noticed Flapstick's ghost (legendary HaBe)
 94822 | Zot:1    | Noticed an ancient lich
 94920 | Zot:1    | Found a stormy altar of Qazlal.
 94931 | Zot:1    | Killed an ancient lich
 94931 | Zot:1    | Received a gift from Okawaru
 95148 | Zot:1    | Learned a level 4 spell: Summon Lightning Spire
 95263 | Zot:2    | Got a warped helmet
 95266 | Zot:2    | Identified the +2 helmet of Purpose {rElec rPois rC- rN+}
                  | (You found it on level 2 of the Realm of Zot)
 95331 | Zot:2    | Reached skill level 10 in Dodging
 95551 | Zot:2    | Received a gift from Okawaru
 95555 | Zot:2    | Got a warped scimitar {god gift}
 95567 | Zot:2    | Identified the +9 scimitar of the Hills {drain, rPois}
                  | (Okawaru gifted it to you on level 2 of the Realm of Zot)
 96922 | Zot:3    | Noticed an orb of fire
 96937 | Zot:3    | Killed an orb of fire
 96987 | Zot:3    | Received a gift from Okawaru
 97853 | Zot:3    | Received a gift from Okawaru
 99968 | Zot:5    | Entered Level 5 of the Realm of Zot
100227 | Zot:5    | Reached skill level 27 in Armour
100246 | Zot:5    | Noticed an ancient lich
100304 | Zot:5    | Received a gift from Okawaru
100309 | Zot:5    | Noticed an orb of fire
100313 | Zot:5    | Noticed an ancient lich
100324 | Zot:5    | Killed an orb of fire
100331 | Zot:5    | Noticed an orb of fire
100341 | Zot:5    | Noticed an orb of fire
100349 | Zot:5    | Killed an orb of fire
100382 | Zot:5    | Reached skill level 15 in Long Blades
100457 | Zot:5    | Noticed an orb of fire
100480 | Zot:5    | Killed an orb of fire
100534 | Zot:5    | Noticed an orb of fire
100553 | Zot:5    | Gained mutation: You are very frail. (-20% HP) [an orb of
                  | fire]
100559 | Zot:5    | Noticed an orb of fire
100559 | Zot:5    | Noticed an orb of fire
100559 | Zot:5    | Noticed an ancient lich
100559 | Zot:5    | Noticed an orb of fire
100561 | Zot:5    | Gained mutation: Your body often deteriorates upon taking
                  | damage. [an orb of fire]
100562 | Zot:5    | Noticed an ancient lich
100563 | Zot:5    | HP: 3/218 [orb of fire/fireball (12)]
100564 | Zot:5    | Killed from afar by an orb of fire

Skill      XL: |  1  2  3  4  5  6  7  8  9 10 11 12 13 14 15 16 17 18 19 20 21 22 23 24 25 26 27 |
---------------+----------------------------------------------------------------------------------+-----
Axes           | 3 4 5 6 7 9 11 13 15 16 17 18 19 | 19.2
Fighting       | 4 5 6 7 9 10 12 14 15 16 18 19 20 21 22 23 24 25 26 27 | 27.0
Armour         | 4 5 6 7 8 9 10 11 12 13 14 15 16 17 18 19 20 21 22 27 | 27.0
Shields        | 5 7 9 10 11 12 13 14 15 20 | 20.7
Bows           | 1 4 |  4.1
Invocations    | 5 8 10 12 13 | 13.3
Evocations     | 5 7 9 10 11 12 | 12.9
Spellcasting   | 3 6 8 10 12 16 | 16.3
Charms         | 6 8 10 | 10.4
Necromancy     | 1 6 9 10 15 | 15.3
Summonings     | 3 11 | 11.5
Long Blades    | 15 | 15.1
Dodging        | 12 | 12.3

Action                   |  1- 3 |  4- 6 |  7- 9 | 10-12 | 13-15 | 16-18 | 19-21 | 22-24 | 25-27 || total
-------------------------+-------+-------+-------+-------+-------+-------+-------+-------+-------++-------
Melee: War axe           |    98 |   201 |   374 |   706 |   568 |       |   679 |  1501 |  4428 ||  8555
       Headbutt          |       |       |       |   124 |   295 |   350 |   300 |   463 |  1485 ||  3017
       Broad axe         |       |       |       |       |   888 |  1384 |   526 |       |       ||  2798
       Morningstar       |       |       |       |       |    40 |    43 |       |       |       ||    83
 Fire: Longbow           |       |       |       |       |     2 |       |       |       |       ||     2
Throw: Javelin           |       |       |       |     5 |       |       |       |       |       ||     5
       Tomahawk          |       |       |       |     1 |     5 |       |       |       |       ||     6
       Throwing net      |       |       |       |     1 |     2 |     1 |       |       |       ||     4
 Cast: Infusion          |       |       |       |       |       |       |       |     1 |    13 ||    14
       Animate Dead      |       |       |       |       |       |       |       |     5 |    64 ||    69
       Swiftness         |       |       |       |       |       |       |       |     5 |    13 ||    18
       Regeneration      |       |       |       |       |       |       |       |     2 |    75 ||    77
       Death Channel     |       |       |       |       |       |       |       |       |    39 ||    39
       Spectral Weapon   |       |       |       |       |       |       |       |       |    13 ||    13
       Summon Lightning  |       |       |       |       |       |       |       |       |     8 ||     8
       Summon Ice Beast  |       |       |       |       |       |       |       |       |     6 ||     6
       Borgnjor's Vile C |       |       |       |       |       |       |       |       |     1 ||     1
Invok: Heroism           |       |       |       |     4 |     6 |     8 |     6 |     9 |    40 ||    73
       Finesse           |       |       |       |       |       |     3 |     5 |     6 |    33 ||    47
 Abil: Evoke Blink       |       |       |       |       |       |       |     1 |       |       ||     1
Evoke: Wand              |       |       |     1 |    13 |    11 |    21 |     5 |    10 |     1 ||    62
       Box of beasts     |       |       |       |       |       |     1 |     3 |     2 |       ||     6
       Phial of floods   |       |       |       |       |       |     1 |       |     1 |     1 ||     3
       Fan of gales      |       |       |       |       |       |     1 |       |       |       ||     1
       Sack of spiders   |       |       |       |       |       |       |       |     2 |     3 ||     5
       Lamp of fire      |       |       |       |       |       |       |       |       |     2 ||     2
       Lightning rod     |       |       |       |       |       |       |       |       |     4 ||     4
       Phantom mirror    |       |       |       |       |       |       |       |       |     2 ||     2
  Use: Scroll            |     3 |     5 |       |    15 |     8 |    20 |    15 |    10 |    43 ||   119
       Potion            |     2 |     4 |     7 |     7 |     7 |    17 |     1 |     3 |    37 ||    85
 Stab: Held in net/web   |       |       |     1 |       |       |       |       |       |       ||     1
       Paralysed         |       |       |     6 |     3 |       |       |       |       |       ||     9
       Invisible         |       |       |       |       |       |     7 |       |       |     1 ||     8
       Distracted        |       |       |       |       |       |       |       |     2 |    39 ||    41
       Confused          |       |       |       |       |       |       |       |       |     3 ||     3
       Sleeping          |       |       |       |       |       |       |       |       |     2 ||     2
       Petrified         |       |       |       |       |       |       |       |       |     1 ||     1
  Eat: Chunk             |       |     5 |    12 |    24 |    19 |    10 |     8 |    15 |    17 ||   110
       Ration            |       |     1 |       |     3 |     8 |    12 |    10 |     6 |    32 ||    72
Armor: Scale mail        |    46 |    77 |     3 |       |       |       |       |       |       ||   126
       Chain mail        |       |       |   115 |   245 |   356 |       |       |       |       ||   716
       Plate armour      |       |       |       |       |    70 |   555 |   431 |   576 |  1565 ||  3197
Dodge: Dodged            |    39 |    51 |    56 |   103 |   244 |   238 |   171 |   219 |   871 ||  1992
Block: Shield            |    50 |   139 |   204 |   403 |   968 |  1149 |   939 |  1107 |  2744 ||  7703
       Reflection        |       |       |    13 |    17 |    42 |   131 |   135 |   131 |    95 ||   564
       Large shield      |       |       |       |       |       |       |       |       |   516 ||   516
